 Dungeon Crawl Stone Soup version 0.28.0-43-g3370ac3207 (webtiles) character file.

Game seed: 13633687895499996193

21457 smarlow the Covert (level 12, -1/53 HPs)
             Began as a Vine Stalker Enchanter on Mar 21, 2022.
             Was a High Priest of Wu Jian.
             Slain by a cane toad simulacrum (6 damage)
             ... in an ice cave on Mar 22, 2022.
             The game lasted 01:06:18 (16782 turns).

smarlow the Covert (Vine Stalker Enchanter)        Turns: 16782, Time: 01:06:19

Health: -1/53      AC:  8    Str: 11    XL:     12   Next: 90%
Magic:  0/26       EV: 13    Int: 23    God:    Wu Jian [*****.]
Gold:   382        SH:  0    Dex: 18    Spells: 2/29 levels left

rFire   . . .      SeeInvis +   D - +11 short sword "Kuaskuy" {vamp, rElec Will+}
rCold   . . .      Faith    .   (no shield)
rNeg    . . .      Spirit   +   K - +2 robe {Archmagi}
rPois   .          Reflect  .   F - +0 hat {SInv}
rElec   +          Harm     .   (no cloak)
rCorr   .          Rampage  .   (no gloves)
Will    ++...      Archmagi +   (no boots)
Stlth   ++++++....              (no amulet)
HPRegen 0.97/turn               w - +6 ring of intelligence
MPRegen 0.20/turn               s - +4 ring of protection

@: constricted, studying 2 skills
A: fangs 3, regeneration 1, magic shield, antimagic bite, no potion heal 2
a: Renounce Religion, Wall Jump, Serpent's Lash, Heavenly Storm


You were in an ice cave.
You worshipped Wu Jian.
Wu Jian was extremely pleased with you.
You visited 2 branches of the dungeon, and saw 13 of its levels.
You also visited: Ossuary, Bailey and Ice Cave.

You collected 742 gold pieces.
You spent 360 gold pieces at shops.

Inventory:

Hand Weapons
 r - a +3 dagger of freezing
 D - the +11 short sword "Kuaskuy" (weapon) {vamp, rElec Will+}
   (You found it on level 7 of the Dungeon)

   It occasionally heals its wielder for a portion of the damage dealt when it
   wounds a living foe.
   rElec:     It insulates you from electricity.
   Will:      It increases your willpower.
Armour
 F - a +0 hat of see invisible (worn)
 K - a +2 robe of the Archmagi (worn)
Jewellery
 g - a ring of protection from fire
 s - a +4 ring of protection (right hand)
 w - a +6 ring of intelligence (left hand)
 B - a +6 ring of strength
Wands
 i - a wand of iceblast (14)
 v - a wand of charming (13)
 E - a wand of acid (4)
 I - a wand of paralysis (4)
 J - a wand of mindburst (12)
Scrolls
 d - 3 scrolls of teleportation
 e - 2 scrolls of fear
 j - a scroll of silence
 k - 2 scrolls of noise
 m - 4 scrolls of enchant weapon
 n - 3 scrolls of fog
 p - a scroll of magic mapping
 q - 4 scrolls of enchant armour
 t - a scroll of amnesia
 u - a scroll of holy word {unknown}
 y - 2 scrolls of brand weapon {unknown}
 C - a scroll of summoning {unknown}
 L - 2 scrolls of blinking
Potions
 a - a potion of ambrosia {unknown}
 b - 2 potions of brilliance {unknown}
 c - a potion of experience
 f - 10 potions of heal wounds {unknown}
 h - 2 potions of flight {unknown}
 l - 7 potions of curing
 o - 2 potions of might {unknown}
 x - 4 potions of cancellation
 z - 2 potions of magic {unknown}
 A - 3 potions of mutation {unknown}
 G - a potion of degeneration {unknown}
 H - a potion of berserk rage {unknown}
 M - a potion of lignification {unknown}
 N - a potion of attraction {unknown}


   Skills:
 - Level 1.5 Fighting
 - Level 5.6 Short Blades
 - Level 1.5 Armour
 + Level 6.7 Dodging
 + Level 14.4 Stealth
 * Level 9.1 Spellcasting
 + Level 6.3 Conjurations
 * Level 8.9 Hexes
 + Level 6.3 Earth Magic


You had 2 spell levels left.
You knew the following spells:

 Your Spells              Type           Power      Damage    Failure   Level
a - Ensorcelled Hibernat  Hex/Ice        92%        N/A       1%          2
b - Confusing Touch       Hex            67%        N/A       1%          3
c - Tukima's Dance        Hex            67%        N/A       1%          3
d - Dazzling Flash        Conj/Hex       100%       N/A       1%          3
e - Stone Arrow           Conj/Erth      100%       3d13      1%          3
f - Passwall              Tmut/Erth      30%        N/A       2%          2
g - Cause Fear            Hex            33%        N/A       1%          4
h - Enfeeble              Hex            33%        N/A       80%         7

Your spell library contained the following spells:

 Spells                   Type           Power      Damage    Failure   Level
 Sandblast                Erth           100%       2d20      1%          1
 Beastly Appendage        Tmut           30%        N/A       6%          1
 Sting                    Tmut/Pois      60%        1d6       6%          1
 Inner Flame              Hex/Fire       46%        N/A       3%          3
 Portal Projectile        Hex/Tloc       92%        N/A       3%          3
 Frozen Ramparts          Ice            30%        1d5       19%         3
 Yara's Violent Unravell  Hex/Tmut       23%        3d10      28%         5
 Fireball                 Conj/Fire      18%        3d9       43%         5
 Ice Form                 Ice/Tmut       15%        N/A       52%         4
 Summon Ice Beast         Ice/Summ       15%        N/A       52%         4
 Blade Hands              Tmut           7%         N/A       86%         5
 Excruciating Wounds      Necr           7%         N/A       86%         5
 Conjure Ball Lightning   Conj/Air       18%        3x3d6     95%         6
 Storm Form               Tmut/Air       7%         N/A       100%        7
 Borgnjor's Revivificati  Necr           7%         N/A       100%        8
 Discord                  Hex            33%        N/A       100%        8
 Necromutation            Tmut/Necr      7%         N/A       100%        8
 Death's Door             Necr           7%         N/A       100%        9


Dungeon Overview and Level Annotations

Branches:
Dungeon (12/15)            Temple (0/1) D:5            Lair (1/6) D:9
    Orc (0/2) D:12        Ossuary (visited)          Bailey (visited)
  IceCv (1/1)

Altars:
Fedhas
Makhleb
Qazlal
Trog
Wu Jian
Yredelemnul

Shops:
D:2 (   D:3 :

Annotations:
D:11 Fannar, Nergalle


Innate Abilities, Weirdness & Mutations

You have razor-sharp teeth.
Your natural rate of healing is unusually fast.
When hurt, damage is shared between your health and your magic reserves.
Your bite disrupts and absorbs the magic of your enemies.
Potions cannot restore your health.


Message History

The spriggan simulacrum barely misses you.
You closely miss the spriggan simulacrum.
The spriggan simulacrum hits you but does no damage.
You barely miss the spriggan simulacrum.
You puncture the spriggan simulacrum! You bite the spriggan simulacrum!
You drain its power.
You feel invigorated.
The spriggan simulacrum is severely damaged.
The spriggan simulacrum misses you.
You hit the spriggan simulacrum.
The spriggan simulacrum is almost destroyed.
The spriggan simulacrum hits you but does no damage.
You puncture the spriggan simulacrum!
The spriggan simulacrum vaporises!
The Council accepts your kill.
Really stalk into that cloud of freezing vapour?
Okay, then.
You start waiting.
Done waiting.
A cane toad simulacrum and an anaconda simulacrum come into view.
You lunge at the anaconda simulacrum.
You puncture the anaconda simulacrum!
Your bite misses the anaconda simulacrum.
The anaconda simulacrum is heavily damaged.
The anaconda simulacrum grabs you.
The anaconda simulacrum bites you but does no damage.
The anaconda simulacrum constricts you. The anaconda simulacrum misses you.
The anaconda simulacrum constricts you.
You hit the anaconda simulacrum.
The anaconda simulacrum is heavily damaged.
The anaconda simulacrum closely misses you.
The anaconda simulacrum constricts you. The cane toad simulacrum hits you.
The cane toad simulacrum freezes you!
You hit the anaconda simulacrum.
The anaconda simulacrum is severely damaged.
The anaconda simulacrum bites you. The anaconda simulacrum freezes you!!
The anaconda simulacrum constricts you. The anaconda simulacrum bites you!
* * * LOW HITPOINT WARNING * * *
The anaconda simulacrum freezes you!
* * * LOW HITPOINT WARNING * * *
The anaconda simulacrum constricts you. The cane toad simulacrum hits you!
You die...

#..#......##
###..##.####
##...###.#
#..### #.≈
##..#####≈≈
##...## ≈≈#
##.#.###≈#
##....###
#..@###
##.ZZ#
##...#
###... ##..
###


You could see an anaconda simulacrum and a cane toad simulacrum.

Vanquished Creatures
  2 hydras
  A catoblepas (D:11)
  A two-headed ogre (D:9)
  A centaur warrior (D:8)
  Sonja (D:10)
  An orc knight (Bailey)
  A deep elf pyromancer (D:11)
  3 wizards (D:11)
  A cyclops (D:10)
  An ice statue (IceCv)
  4 kobold demonologists
  An unseen horror (D:8)
  An anaconda simulacrum (IceCv)
  2 rime drakes (Lair:1)
  5 trolls
  A hornet (D:11)
  2 shadows
  2 wyverns
  18 yaks
  A wraith (D:9)
  A death yak simulacrum (IceCv)
  2 steam dragons (D:8)
  3 vampire mosquitoes (D:10)
  2 acid dragons
  2 water moccasins
  An ice beast (D:8)
  13 orc warriors
  2 sky beasts (D:5)
  3 hornet zombies
  2 necrophages
  3 centaurs
  2 ogres (D:12)
  2 elf zombies (Ossuary)
  8 kobold brigands
  2 bullfrogs
  5 gnoll sergeants
  3 two-headed ogre simulacra (IceCv)
  2 cane toad simulacra (IceCv)
  A wyvern zombie (D:8)
  5 scorpions
  A wyvern skeleton (D:7)
  3 water moccasin skeletons
  10 killer bees
  2 howler monkeys (D:8)
  6 centaur zombies
  2 gnoll shamans
  4 jellies
  4 orc priests
  3 bullfrog skeletons (D:6)
  A hound (D:7)
  A human zombie (Ossuary)
  5 iguanas
  7 orc wizards
  A scorpion zombie (D:5)
  3 troll simulacra (IceCv)
  3 spriggan simulacra (IceCv)
  2 killer bee zombies (D:7)
  3 hound zombies (Ossuary)
  3 mummies (Ossuary)
  2 howler monkey zombies
  15 gnolls
  3 howler monkey skeletons
  6 adders
  A naga simulacrum (IceCv)
  A shadow imp (D:6)
  9 white imps
  3 ufetubi (IceCv)
  A worm (D:2)
  2 adder zombies (Ossuary)
  4 dart slugs
  39 orcs
  5 bats
  4 endoplasms
  2 giant cockroaches
  A gnoll zombie (Ossuary)
  6 goblins
  6 hobgoblins
  A jackal (D:3)
  21 kobolds
  4 quokkas
  4 ball pythons
  2 frilled lizards
  4 goblin zombies (Ossuary)
  A hobgoblin zombie (Ossuary)
  3 jackal zombies (Ossuary)
  5 kobold zombies (Ossuary)
  3 quokka zombies (Ossuary)
  5 rats
  5 rat zombies (Ossuary)
  A spectral orc (D:10)
347 creatures vanquished.

Vanquished Creatures (collateral kills)
  A gargoyle (D:12)
  2 orc warriors
  6 orcs
  5 kobolds
14 creatures vanquished.

Vanquished Creatures (others)
  17 dancing weapons
  2 orcs (Bailey)
  3 demonic plants (D:1)
  4 fungi (D:1)
  45 plants
  3 withered plants (D:1)
74 creatures vanquished.

Grand Total: 435 creatures vanquished

Notes
Turn   | Place    | Note
-------+----------+-------------------------------------------
     0 | D:1      | smarlow the Vine Stalker Enchanter began the quest for the
                  | Orb.
     0 | D:1      | Reached XP level 1. HP: 9/9 MP: 4/4
   142 | D:1      | Found a faded altar of an unknown god.
   157 | D:1      | Reached skill level 1 in Short Blades
   387 | D:1      | Reached XP level 2. HP: 13/13 MP: 6/6
   393 | D:1      | Learned a level 2 spell: Ensorcelled Hibernation
   504 | D:1      | Reached skill level 4 in Stealth
   615 | D:1      | Reached XP level 3. HP: 15/16 MP: 7/7
   619 | D:1      | Learned a level 3 spell: Confusing Touch
  1449 | D:2      | Gained mutation: Your natural rate of healing is unusually
                  | fast. [Vine Stalker growth]
  1449 | D:2      | Reached XP level 4. HP: 20/21 MP: 2/8
  1531 | D:2      | Reached skill level 1 in Fighting
  1555 | D:2      | Found Dios Maj's Antique Weapon Boutique.
  1981 | D:3      | Found Xauv Wuj's Book Shop.
  2182 | D:3      | Reached XP level 5. HP: 25/25 MP: 10/10
  2195 | D:3      | Reached skill level 5 in Stealth
  2199 | D:3      | Learned a level 3 spell: Tukima's Dance
  2606 | D:3      | Found a blossoming altar of Fedhas.
  3376 | D:4      | Noticed a black bear
  3506 | D:4      | Reached XP level 6. HP: 27/30 MP: 7/11
  4596 | D:5      | Entered Level 5 of the Dungeon
  4673 | D:5      | Found an ornate altar of the Wu Jian Council.
  4675 | D:5      | Became a worshipper of the Wu Jian Council
  4772 | D:5      | Found a sand-covered staircase.
  4779 | Ossuary  | Entered an ossuary
  4862 | Ossuary  | Reached skill level 6 in Stealth
  4968 | Ossuary  | Reached XP level 7. HP: 33/33 MP: 13/13
  5026 | Ossuary  | Reached * piety under Wu Jian
  5117 | Ossuary  | Reached skill level 1 in Armour
  5419 | D:5      | Found a burning altar of Makhleb.
  5432 | D:5      | Reached skill level 7 in Stealth
  5432 | D:5      | Gained mutation: You have razor-sharp teeth. [Vine Stalker
                  | growth]
  5432 | D:5      | Reached XP level 8. HP: 37/37 MP: 15/15
  5457 | D:5      | Reached ** piety under Wu Jian
  5575 | D:5      | Learned a level 3 spell: Dazzling Flash
  5579 | D:5      | Learned a level 3 spell: Stone Arrow
  5762 | D:5      | Found a staircase to the Ecumenical Temple.
  6797 | D:6      | Reached skill level 8 in Stealth
  6800 | D:6      | Reached skill level 5 in Spellcasting
  6975 | D:6      | Reached skill level 5 in Hexes
  7146 | D:6      | Reached XP level 9. HP: 39/41 MP: 17/17
  7293 | D:6      | Reached skill level 9 in Stealth
  7529 | D:7      | Reached skill level 1 in Earth Magic
  7602 | D:7      | Reached skill level 1 in Conjurations
  7861 | D:7      | Reached *** piety under Wu Jian
  8053 | D:7      | Identified the +11 short sword "Kuaskuy" {vamp, rElec
                  | Will+}
  8644 | D:8      | Found a stormy altar of Qazlal.
  8872 | D:8      | Reached skill level 10 in Stealth
  9001 | D:8      | Reached XP level 10. HP: 39/46 MP: 18/20
  9083 | D:8      | Found a bloodstained altar of Trog.
  9240 | D:8      | Noticed a cyclops
  9296 | D:8      | Learned a level 2 spell: Passwall
  9337 | D:8      | Noticed an unseen horror
  9554 | D:8      | Reached **** piety under Wu Jian
  9555 | D:8      | Reached skill level 5 in Short Blades
  9621 | D:8      | Reached skill level 11 in Stealth
  9771 | D:8      | Reached skill level 5 in Dodging
  9889 | D:8      | Killed an unseen horror
 10029 | D:8      | Noticed a centaur warrior
 10032 | D:8      | Killed a centaur warrior
 10552 | D:9      | Found a flagged portal.
 10563 | Bailey   | Entered a bailey
 10602 | Bailey   | Reached XP level 11. HP: 49/49 MP: 15/22
 10964 | Bailey   | Noticed an orc knight
 10980 | Bailey   | Killed an orc knight
 11024 | Bailey   | Reached skill level 12 in Stealth
 11463 | D:9      | Found a staircase to the Lair.
 11561 | D:9      | Noticed a two-headed ogre
 11585 | D:9      | Killed a two-headed ogre
 11751 | D:10     | Entered Level 10 of the Dungeon
 11886 | D:10     | Reached ***** piety under Wu Jian
 12035 | D:10     | Noticed a cyclops
 12041 | D:10     | Killed a cyclops
 12120 | D:10     | Found a basalt altar of Yredelemnul.
 12229 | D:10     | Noticed Sonja
 12234 | D:10     | Killed Sonja
 12235 | D:10     | Reached skill level 5 in Conjurations
 12235 | D:10     | Reached skill level 5 in Earth Magic
 12466 | D:10     | Noticed a sun demon
 12469 | D:10     | Reached skill level 13 in Stealth
 12752 | D:11     | Noticed Nergalle
 12752 | D:11     | Noticed Fannar
 12795 | D:11     | Noticed a catoblepas
 12807 | D:11     | Killed a catoblepas
 12808 | D:11     | Reached XP level 12. HP: 21/53 MP: 5/25
 13158 | D:11     | Got the Tome of Dhcmrlchtdj
 13165 | D:11     | Got Zesiok's Incunabulum of Axaxaxas mlö
 13276 | D:11     | Got Xystreur's Incunabulum of Combed Thunderclap
 13304 | D:11     | Noticed a five-headed hydra
 13309 | D:11     | Killed a five-headed hydra
 13476 | D:12     | Found a staircase to the Orcish Mines.
 13533 | D:12     | Reached skill level 14 in Stealth
 14054 | D:12     | Noticed a death knight
 14064 | D:12     | Noticed a four-headed hydra
 14094 | D:12     | Killed a four-headed hydra
 14538 | D:12     | Identified the -5 pair of gloves of Joleebiw {rElec Int+3}
 15036 | D:3      | Bought a book of Hexes for 360 gold pieces
 15041 | D:3      | Learned a level 4 spell: Cause Fear
 15049 | D:3      | Learned a level 7 spell: Enfeeble
 15338 | Lair:1   | Entered Level 1 of the Lair of Beasts
 15358 | Lair:1   | Found a frozen archway.
 15369 | IceCv    | Entered an ice cave
 16782 | IceCv    | Slain by a cane toad simulacrum

Illustrated notes

Levels and vault maps discovered:
D:1:      dpeg_arrival_shelter, layout_basic, shapermc_ecumenical_altar_gd
D:2:      layout_loops_ring, serial_shops, shop
D:3:      minmay_diamond_boxcup, layout_loops_ring, fedhas_altar_1,
          serial_shops, shop
D:4:      layout_basic
D:5:      layout_cave_pods, mainiacjoe_overflow_catch_the_wave,
          minmay_temple_entry_water_ring, chequers_ossuary_entry_cave,
          kennysheep_minor_cross, kennysheep_another_room
D:6:      layout_loops_ring, nicolae_concentric_dashed_squares_wild
D:7:      layout_cave_pods, kennysheep_generic_room_2
D:8:      nzn_winding_woodlands_cross [nzn_winding_woodlands_5x15_longhouse,
          nzn_winding_woodlands_5x15_pockets,
          nzn_winding_woodlands_5x15_crooked,
          nzn_winding_woodlands_5x15_concentric,
          nzn_winding_woodlands_15x15_five_gardens], layout_basic,
          nicolae_qazlal_general_emergency, trog_three_pillars_becter
D:9:      layout_rooms, lair_entry_dummy, enter_bailey_2,
          kennysheep_small_circle
D:10:     layout_roguey, yredelemnul_forgotten_temple_becter, uniq_sonja
D:11:     layout_rooms, serial_rivers, chequers_serial_rivers_marsh,
          chequers_serial_rivers_large_a, chequers_serial_rivers_micro_d,
          chequers_serial_rivers_micro_b, chequers_serial_rivers_micro_d,
          chequers_serial_rivers_micro_e, st_stairs_1,
          bh_hangedman_babel_library, uniq_erolcha, uniq_nergalle, uniq_fannar
D:12:     layout_roguey, kennysheep_orc_monster_closet_entryway
Lair:1:   dragon1_lemuel, layout_small_grid, portal_ice_cave_rime,
          nicolae_quartered_pool_impasse, grunt_megastairs_5
IceCv:    ice_cave_caverns_03

Skill      XL: |  1  2  3  4  5  6  7  8  9 10 11 12 |
---------------+-------------------------------------+-----
Short Blades   | 1 2 3 4 5 |  5.6
Stealth        | 4 5 6 7 8 10 11 13 14 | 14.4
Dodging        | 2 3 4 5 6 |  6.7
Fighting       | 1 |  1.5
Spellcasting   | 3 4 5 6 7 8 9 |  9.1
Armour         | 1 |  1.5
Hexes          | 4 5 6 7 8 |  8.9
Earth Magic    | 2 3 5 6 |  6.3
Conjurations   | 2 3 5 6 |  6.3

Action                   |  1- 3 |  4- 6 |  7- 9 | 10-12 || total
-------------------------+-------+-------+-------+-------++-------
Melee: Dagger            |    99 |   150 |   240 |       ||   489
       Bite              |    28 |    51 |    78 |   122 ||   279
       Punch             |       |     1 |     6 |     4 ||    11
       Short sword       |       |       |    30 |   414 ||   444
 Cast: Ensorcelled Hiber |     8 |    42 |    63 |    86 ||   199
       Tukima's Dance    |       |     6 |    13 |    35 ||    54
       Confusing Touch   |       |     3 |    12 |    18 ||    33
       Dazzling Flash    |       |       |     1 |     5 ||     6
       Stone Arrow       |       |       |       |    29 ||    29
Invok: Lunge             |       |     3 |    33 |    66 ||   102
       Whirlwind         |       |       |     8 |    10 ||    18
 Abil: Wall Jump         |       |       |       |     1 ||     1
  Use: Scroll            |       |     4 |     3 |     9 ||    16
       Potion            |       |       |     1 |     1 ||     2
 Stab: Sleeping          |     9 |    29 |    47 |    70 ||   155
       Confused          |       |       |    10 |    11 ||    21
       Distracted        |       |       |     1 |     4 ||     5
       Invisible         |       |       |       |     7 ||     7
Armor: Robe              |    16 |    31 |    57 |    71 ||   175
Dodge: Dodged            |    50 |    71 |   111 |   248 ||   480
